 Dungeon Crawl Stone Soup version 0.22-a0-799-g88f5e90 (webtiles) character file.

21 iamserjio the Firebug (level 2, -1/15 HPs)
             Began as a Tengu Fire Elementalist on July 21, 2018.
             Slain by a worker ant (5 damage)
             ... on level 4 of the Dungeon.
             The game lasted 00:04:37 (655 turns).

iamserjio the Firebug (Tengu Fire Elementalist)      Turns: 655, Time: 00:04:38

Health: -1/15      AC:  2    Str:  8    XL:     2   Next: 83%
Magic:  0/6        EV: 12    Int: 15    God:
Gold:   76         SH:  0    Dex: 14    Spells: 4/5 levels left

rFire    . . .     SeeInvis .   b - +0 club (curse)
rCold    . . .     Gourm    .   (no shield)
rNeg     . . .     Faith    .   a - +0 robe
rPois    .         Spirit   .   (helmet restricted)
rElec    .         Reflect  .   (no cloak)
rCorr    .         Harm     .   (no gloves)
MR       .....     Rnd*Tele +   (boots unavailable)
Stlth    ++........             (no amulet)
HPRegen  0.05/turn              (no ring)
MPRegen  0.10/turn              j - ring of teleportation (curse)

@: about to teleport
A: beak, talons 3
a: no special abilities


You were on level 4 of the Dungeon.
You were not hungry.

You visited 1 branch of the dungeon, and saw 4 of its levels.

You collected 76 gold pieces.

Inventory:

Hand Weapons
 b - a cursed +0 club (weapon)
 i - a +0 short sword
Missiles
 d - 9 arrows
Armour
 a - a +0 robe (worn)
Jewellery
 g - an uncursed ring of ice
 j - a cursed ring of teleportation (right hand)
Scrolls
 e - a scroll of random uselessness
 f - a scroll of enchant armour
 h - 2 scrolls of teleportation
Potions
 l - a potion of degeneration
 m - a potion of agility {unknown}
Comestibles
 c - 4 rations


   Skills:
 - Level 2.1 Dodging
 - Level 2.0 Stealth
 - Level 2.0 Spellcasting
 * Level 3.1 Conjurations
 + Level 3.6 Fire Magic


You had 4 spell levels left.
You knew the following spells:

 Your Spells              Type           Power        Failure   Level  Hunger
a - Flame Tongue          Conj/Fire      ##...        5%          1    #......

Your spell library contained the following spells:

 Spells                   Type           Power        Failure   Level  Hunger
 Fireball                 Conj/Fire      ##........   83%         5    ######.
 Apportation              Tloc           #.....       22%         1    #......
 Conjure Flame            Conj/Fire      ##......     17%         3    ###....
 Throw Flame              Conj/Fire      ##....       9%          2    ###....
 Summon Small Mammal      Summ           #...         22%         1    #......
 Animate Skeleton         Necr           N/A          22%         1    #......
 Sticky Flame             Conj/Fire      ##......     50%         4    #####..
 Confusing Touch          Hex            #.....       22%         1    #......
 Inner Flame              Hex/Fire       #.......     30%         3    ###....


Dungeon Overview and Level Annotations

Branches:
Dungeon (4/15)
 Temple: D:4-7

Altars:
Gozag


Innate Abilities, Weirdness & Mutations

You have a beak for a mouth.
You have claws for feet.


Message History

Aiming: Flame Tongue (safe; 5% risk of failure)
Press: ? - help, Shift-Dir - straight line, f/p - worker ant
Aim: a worker ant (heavily wounded)
The flame tongue misses the worker ant.
The worker ant bites you. The worker ant barely misses you.
Casting: Flame Tongue (safe; 5% risk of failure)
Confirm with . or Enter, or press ? or * to list all spells.
Aiming: Flame Tongue (safe; 5% risk of failure)
Press: ? - help, Shift-Dir - straight line, f/p - worker ant
Aim: a worker ant (heavily wounded)
The flame tongue hits the worker ant.
The worker ant is heavily wounded.
The worker ant bites you.
* * * LOW HITPOINT WARNING * * *
You aren't carrying any items that you can evoke.
Unknown command.
As you read the scroll of teleportation, it crumbles to dust.
You feel strangely unstable. The worker ant bites you.
You die...

# ###.# .# .######## #
#...##.# # #.# #... # #.#
#..# ####.# #..# .....#
#..# # ####.# #..# .#
####.# #..###########.###
.....# #........@a......#
####.###.#########..#.#.#
.)...........# #....#
####.##.####..............#
#.##... .###...........
#.###### #...#.####.# #.#
##S##.# . #.# #O .# #.# ..
.#


You could see a worker ant.

Vanquished Creatures
  An ooze (D:3)
  A giant cockroach (D:1)
  2 goblins (D:1)
  4 hobgoblins (D:1)
  2 bats
  2 frilled lizards
  2 kobolds
  A rat (D:1)
15 creatures vanquished.

Notes
Turn   | Place    | Note
-------+----------+-------------------------------------------
     0 | D:1      | iamserjio the Tengu Fire Elementalist began the quest for the Orb.
     0 | D:1      | Reached XP level 1. HP: 10/10 MP: 4/4
    91 | D:1      | Reached XP level 2. HP: 15/15 MP: 6/6
   267 | D:2      | Noticed a black bear
   530 | D:4      | Found an opulent altar of Gozag.
   643 | D:4      | Noticed an ogre
   655 | D:4      | Slain by a worker ant

Vault maps used:
D:1:      eino_arrival_cavern_a, kennysheep_another_room
D:2:      old_standard_altar, first_ration, st_stairs_8, uniq_natasha
D:3:      trog_butcher_becter
D:4:      grunt_gozag_statues, cheibriados_altar_1

Skill      XL: |  1  2 |
---------------+-------+-----
Conjurations   | 2 3 |  3.1
Dodging        | |  2.1
Stealth        | |  2.0
Spellcasting   | |  2.0
Fire Magic     | |  3.6

Action                   || total
-------------------------++-------
Melee: Unarmed           ||    15
       Kick              ||     9
       Peck              ||     5
       Club              ||    17
 Cast: Flame Tongue      ||    14
  Use: Scroll            ||     6
       Potion            ||     1
 Stab: Sleeping          ||     3
Armor: Robe              ||     7
Dodge: Dodged            ||    22

Table legend:
 A = Spawn XP
 B = Non-spawn XP
 C = Spawn XP percentage of total XP
 D = Spawn monster count
 E = Non-spawn monster count
 F = Spawn count percentage of total count
 G = Total turns spent on level
                    A         B        C        D         E        F      G
               +---------+---------+-------+---------+---------+-------+---------
         Total |       0 |      30 |   0.0 |       0 |      15 |   0.0 |   655
               +---------+---------+-------+---------+---------+-------+---------
           D:1 |       0 |      19 |   0.0 |       0 |      11 |   0.0 |   245
           D:3 |       0 |      10 |   0.0 |       0 |       3 |   0.0 |   127
           D:4 |       0 |       1 |   0.0 |       0 |       1 |   0.0 |   149
               +---------+---------+-------+---------+---------+-------+---------
